 Dungeon Crawl Stone Soup version 0.27-a0-1193-g8631133539 (webtiles) character file.

Game seed: 15711896003606228644

5786 Goblin1989 the Grappler (level 10, -10/86 (98) HPs)
             Began as a Troll Fighter on May 26, 2021.
             Was an Elder of Okawaru.
             Mangled by a wight
             ... wielding a +4 great sword of freezing
              (20 damage)
             ... on level 8 of the Dungeon.
             The game lasted 00:15:17 (6015 turns).

Goblin1989 the Grappler (Troll Fighter)             Turns: 6015, Time: 00:15:17

HP:   -10/86 (98)   AC:  9    Str: 26    XL:     10   Next: 50%
MP:   11/11         EV: 10    Int:  4    God:    Okawaru [****..]
Gold: 54            SH: 10    Dex: 12    Spells: 9/9 levels left

rFire    . . .     SeeInvis .     - Unarmed
rCold    . . .     Faith    .   b - +0 kite shield
rNeg     . . .     Spirit   .   B - +0 acid dragon scales
rPois    .         Reflect  .   (helmet restricted)
rElec    .         Harm     .   o - +0 cloak
rCorr    +         Rampage  .   (gloves unavailable)
Will     .....                  (boots unavailable)
Stlth    +.........             (no amulet)
HPRegen  1.24/turn              (no ring)
MPRegen  0.12/turn              (no ring)

@: heavily drained
A: large, unfitting armour, claws 3, regeneration 1, shaggy fur 1, tough skin 1
a: Renounce Religion, Heroism


You were on level 8 of the Dungeon.
You worshipped Okawaru.
Okawaru was greatly pleased with you.
You visited 1 branch of the dungeon, and saw 8 of its levels.

You collected 318 gold pieces.
You spent 264 gold pieces at shops.

Inventory:

Missiles
 k - 7 boomerangs (quivered)
 z - 6 silver javelins {god gift, @Q2}
Armour
 b - a +0 kite shield (worn)
 o - a +0 cloak (worn)
 B - +0 acid dragon scales (worn)
 H - the +2 robe of Yredelemnul's Anger {rElec Slay+2}
   (You found it on level 8 of the Dungeon)

   It affects your accuracy and damage with ranged weapons and melee attacks
   (+2).
   It insulates you from electricity.
Magical Staves
 e - a staff of air
Jewellery
 f - a ring of protection from fire
 j - a ring of fire
 u - a +6 ring of intelligence
 w - a +4 ring of protection
 C - a ring of wizardry
Wands
 p - a wand of acid (10) {@v2}
 t - a wand of mindburst (17)
Scrolls
 i - 3 scrolls of teleportation {!r, @r2}
 n - 3 scrolls of enchant armour {unknown}
 v - a scroll of identify {unknown}
 x - 3 scrolls of fog
 y - a scroll of vulnerability {unknown}
 D - a scroll of blinking {unknown}
 E - a scroll of noise
 F - a scroll of torment
 G - 3 scrolls of magic mapping
Potions
 c - a potion of might {@q4}
 d - a potion of berserk rage
 g - a potion of degeneration {unknown}
 h - 3 potions of invisibility {unknown}
 l - a potion of magic {unknown}
 m - 3 potions of lignification {unknown}
 q - a potion of haste {unknown}
 r - a potion of curing {unknown}
 s - a potion of heal wounds {unknown}
 A - a potion of attraction {unknown}


   Skills:
 + Level 5.8 Fighting
 - Level 5.0 Throwing
 + Level 1.9 Armour
 + Level 5.7 Dodging
 + Level 5.8 Shields
 * Level 9.2 Unarmed Combat
 - Level 3.0 Invocations


You had 9 spell levels left.
You didn't know any spells.
Your spell library contained the following spells:

 Spells                   Type           Power      Damage    Failure   Level
 Freeze                   Ice            0%         1d3       80%         1
 Confusing Touch          Hex            0%         N/A       99%         3
 Frozen Ramparts          Ice            0%         1d2       99%         3
 Gell's Gravitas          Tloc           0%         N/A       99%         3
 Ozocubu's Armour         Ice            0%         N/A       99%         3
 Hailstorm                Conj/Ice       0%         3d3       100%        4
 Petrify                  Tmut/Erth      0%         N/A       100%        4
 Metabolic Englaciation   Hex/Ice        0%         N/A       100%        5
 Yara's Violent Unravell  Hex/Tmut       0%         3d3       100%        5


Dungeon Overview and Level Annotations

Branches:
Dungeon (8/15)             Temple (0/1) D:4
   Lair: D:8-11

Altars:
Fedhas
Okawaru
Uskayaw
Vehumet
Wu Jian
Zin

Shops:
D:1 ?

Annotations:
D:8 Grum, Psyche


Innate Abilities, Weirdness & Mutations

You are too large for most types of armour.
You have claws for hands.
Your natural rate of healing is unusually fast.
You are covered in fur. (AC +1)
You have tough skin. (AC +1)


Message History

Maggie is heavily wounded.
You block the wight's attack. You block Maggie's attack.
The wight hits you with a +2 mace.
You feel drained.
You scratch Maggie.
Maggie is heavily wounded.
The wight closely misses you. Maggie barely misses you.
The wight hits you with a +2 mace!
You feel drained.
You take 8 damage, and have 64/93 hp.
You mangle Maggie!!
Maggie is almost dead.
You block the wight's attack.
Maggie points at you and mumbles some strange words.
The bolt of fire misses you. The wight hits you but does no damage.
You mangle Maggie!!
You kill Maggie!
Okawaru is honoured by your kill.
The wight hits you with a +4 great sword of freezing.
The wight freezes you. You block the wight's attack.
Your life force feels restored.
Training target 5.0 for Throwing reached!
Your Throwing skill increases to level 5!
You take 1 damage, and have 64/98 hp.
Unknown command.
Unknown command.
You barely miss the wight. You block the wight's attack.
You scratch the wight.
The wight is lightly damaged.
You block the wight's attack.
The wight hits you with a +4 great sword of freezing.
You feel drained. The wight freezes you.
You take 6 damage, and have 59/96 hp.
You closely miss the wight.
The wight is lightly damaged.
The wight hits you with a +2 mace! The wight closely misses you.
You take 8 damage, and have 51/96 hp.
You are too injured to fight recklessly!
You are too injured to fight recklessly!
You are too injured to fight recklessly!
You are too injured to fight recklessly!
You are too injured to fight recklessly!
You are too injured to fight recklessly!
You are too injured to fight recklessly!
You are too injured to fight recklessly!
You are too injured to fight recklessly!
You are too injured to fight recklessly!
You are too injured to fight recklessly!
You are too injured to fight recklessly!
You are too injured to fight recklessly!
You are too injured to fight recklessly!
You are too injured to fight recklessly!
You are too injured to fight recklessly!
You are too injured to fight recklessly!
You are too injured to fight recklessly!
You are too injured to fight recklessly!
You are too injured to fight recklessly!
Unknown command.
You closely miss the wight.
The wight is lightly damaged.
The wight hits you with a +2 mace.
You feel drained.
The wight hits you with a +4 great sword of freezing.
* * * LOW HITPOINT WARNING * * *
You feel drained.
* * * LOW HITPOINT WARNING * * *
The wight freezes you.
* * * LOW HITPOINT WARNING * * *
You take 14 damage, and have 37/93 hp.
You scratch the wight but do no damage.
The wight is lightly damaged.
The wight hits you with a +2 mace.
* * * LOW HITPOINT WARNING * * *
You feel drained.
* * * LOW HITPOINT WARNING * * *
The wight hits you with a +4 great sword of freezing.
* * * LOW HITPOINT WARNING * * *
You feel drained.
* * * LOW HITPOINT WARNING * * *
The wight freezes you.
* * * LOW HITPOINT WARNING * * *
You take 14 damage, and have 23/89 hp.
You barely miss the wight.
The wight is lightly damaged.
You block the wight's attack.
The wight hits you with a +4 great sword of freezing!
* * * LOW HITPOINT WARNING * * *
You feel drained.
* * * LOW HITPOINT WARNING * * *
The wight freezes you.
* * * LOW HITPOINT WARNING * * *
You take 14 damage, and have 9/87 hp.
You claw the wight!
The wight is severely damaged.
The wight hits you with a +2 mace.
* * * LOW HITPOINT WARNING * * *
You feel drained. You block the wight's attack.
You take 1 damage, and have 8/86 hp.
You barely miss the wight.
The wight is severely damaged.
You block the wight's attack.
The wight hits you with a +4 great sword of freezing!!
You die...

██.........█..
█.......█..█..... █...██
█......██..../..██......
......███..............█
......██................
.....██........>......█
....██...............█
█....█.........)......
███...██........@██...
.██...██........zz......
......█.......█.........
..............██......<.
...██..........█........
.████.........██.......█
██ ██...██....█..>.....
█ █....███..███......) █
█....█ █.██ ███.


You could see 2 wights.

Vanquished Creatures
  2 two-headed ogres
  Pikel (D:6)
  Maggie (D:8)
  A komodo dragon (D:6)
  A hornet (D:7)
  Prince Ribbit (D:6)
  Sigmund (D:4)
  A human (D:8)
  A water moccasin (D:7)
  An acid dragon (D:6)
  A black bear (D:7)
  3 ice beasts
  2 orc warriors
  A sky beast (D:7)
  A necrophage (D:6)
  4 ogres
  3 wolves (D:8)
  A lemure (D:6)
  A kobold brigand (D:5)
  A bullfrog (D:3)
  A scorpion (D:6)
  A water moccasin skeleton (D:6)
  3 wights (D:7)
  A howler monkey (D:5)
  A bullfrog zombie (D:7)
  2 jellies
  An orc priest (D:6)
  2 bullfrog skeletons
  A gnoll shaman (D:6)
  2 hounds
  Terence (D:3)
  Jessica (D:2)
  2 centaur skeletons
  4 iguanas
  Natasha (twice) (D:2)
  2 orc wizards
  2 killer bee zombies
  A hound skeleton (D:4)
  4 howler monkey skeletons
  4 gnolls (D:6)
  3 adders
  2 shadow imps
  3 white imps
  6 ufetubi
  An adder skeleton (D:5)
  2 worms
  5 dart slugs
  15 orcs
  4 bats
  7 endoplasms
  3 giant cockroaches
  4 goblins
  7 hobgoblins
  5 jackals
  A quokka (D:1)
  5 ball pythons
  4 frilled lizards
  23 kobolds
  4 rats
171 creatures vanquished.

Vanquished Creatures (others)
  24 plants (D:5)
24 creatures vanquished.

Grand Total: 195 creatures vanquished

Notes
Turn   | Place    | Note
-------+----------+-------------------------------------------
     0 | D:1      | Goblin1989 the Troll Fighter began the quest for the Orb.
     0 | D:1      | Reached XP level 1. HP: 22/22 MP: 0/0
   125 | D:1      | Found a faded altar of an unknown god.
   255 | D:1      | Reached XP level 2. HP: 26/29 MP: 1/1
   592 | D:1      | Found Qacuc's Magic Scroll Shop.
   760 | D:2      | Noticed Jessica
   765 | D:2      | Killed Jessica
   766 | D:2      | Reached XP level 3. HP: 17/36 MP: 2/2
   907 | D:2      | Reached skill level 3 in Unarmed Combat
  1256 | D:2      | Reached XP level 4. HP: 44/44 MP: 3/3
  1332 | D:2      | Noticed Natasha
  1342 | D:2      | Killed Natasha
  1533 | D:2      | Noticed Natasha
  1540 | D:2      | Killed Natasha
  1602 | D:3      | Reached XP level 5. HP: 53/53 MP: 4/4
  1668 | D:3      | Reached skill level 4 in Unarmed Combat
  1705 | D:3      | Noticed an ogre
  1715 | D:3      | Killed an ogre
  1716 | D:3      | Reached XP level 6. HP: 61/61 MP: 5/5
  1970 | D:3      | Noticed Terence
  1980 | D:3      | Killed Terence
  2013 | D:4      | Found a blossoming altar of Fedhas.
  2014 | D:4      | Found a hide-covered altar of Uskayaw.
  2131 | D:4      | Noticed Sigmund
  2145 | D:4      | Killed Sigmund
  2146 | D:4      | Reached skill level 1 in Throwing
  2146 | D:4      | Reached skill level 5 in Unarmed Combat
  2146 | D:4      | Reached XP level 7. HP: 21/68 MP: 6/6
  2322 | D:4      | Found an iron altar of Okawaru.
  2331 | D:4      | Became a worshipper of Warmaster Okawaru
  2390 | D:4      | Found a staircase to the Ecumenical Temple.
  2668 | D:5      | Entered Level 5 of the Dungeon
  2705 | D:5      | Reached XP level 8. HP: 66/78 MP: 7/7
  2776 | D:5      | Reached skill level 6 in Unarmed Combat
  2893 | D:5      | Reached * piety under Okawaru
  3336 | D:6      | Noticed a komodo dragon
  3347 | D:6      | Noticed Pikel
  3355 | D:6      | Killed a komodo dragon
  3356 | D:6      | Reached skill level 1 in Invocations
  3365 | D:6      | Killed Pikel
  3365 | D:6      | Reached ** piety under Okawaru
  3366 | D:6      | Reached skill level 7 in Unarmed Combat
  3416 | D:6      | Reached XP level 9. HP: 83/85 MP: 9/9
  3736 | D:6      | Reached *** piety under Okawaru
  3789 | D:6      | Noticed a two-headed ogre
  3801 | D:6      | Killed a two-headed ogre
  3802 | D:6      | Reached skill level 5 in Fighting
  3802 | D:6      | Reached skill level 5 in Dodging
  3802 | D:6      | Reached skill level 5 in Shields
  3812 | D:6      | Reached skill level 8 in Unarmed Combat
  3829 | D:6      | Received a gift from Okawaru
  4100 | D:6      | Found an ornate altar of the Wu Jian Council.
  4394 | D:6      | Noticed Prince Ribbit
  4407 | D:6      | Killed Prince Ribbit
  4489 | D:7      | Found a radiant altar of Vehumet.
  4506 | D:7      | Reached **** piety under Okawaru
  4507 | D:7      | Reached XP level 10. HP: 72/93 MP: 11/11
  4618 | D:7      | Paralysed by a hornet for 2 turns
  4690 | D:7      | Reached skill level 1 in Armour
  5416 | D:7      | Found a glowing silver altar of Zin.
  5604 | D:1      | Bought a scroll of teleportation for 36 gold pieces
  5604 | D:1      | Bought a scroll of noise for 12 gold pieces
  5604 | D:1      | Bought a scroll of magic mapping for 42 gold pieces
  5604 | D:1      | Bought a scroll of fog for 24 gold pieces
  5604 | D:1      | Bought a scroll of torment for 90 gold pieces
  5604 | D:1      | Bought a scroll of teleportation for 36 gold pieces
  5604 | D:1      | Bought a scroll of fog for 24 gold pieces
  5798 | D:8      | Noticed a two-headed ogre
  5812 | D:8      | Killed a two-headed ogre
  5813 | D:8      | Reached skill level 9 in Unarmed Combat
  5881 | D:8      | Identified the +2 robe of Yredelemnul's Anger {rElec
                  | Slay+2}
  5883 | D:8      | Noticed Grum
  5889 | D:8      | Noticed Psyche
  5993 | D:8      | Noticed Maggie
  6007 | D:8      | Killed Maggie
  6008 | D:8      | Reached skill level 5 in Throwing
  6015 | D:8      | Mangled by a wight

Illustrated notes

Levels and vault maps discovered:
D:1:      dpeg_arrival_connections, layout_loops_ring, serial_shops,
          shop_statue, ebering_ecumenical_altar_webs, minmay_misc_feat_enclosed
D:2:      layout_basic, uniq_natasha, uniq_jessica
D:3:      layout_rooms, uniq_terence
D:4:      layout_loops_ring, fedhas_ov_isle_minmay, amcnicky_altar_gilded,
          okawaru_gym_becter, minmay_temple_entry_statues_pillars, uniq_sigmund
D:5:      kennysheep_kobold_camp, layout_rooms
D:6:      layout_basic, nzn_wu_jian_council_hall, uniq_prince_ribbit1,
          uniq_pikel
D:7:      layout_basic, zin_scriptorium, nicolae_vehumet_radiance,
          minmay_liquid_box
D:8:      layout_cave_pools, minmay_ruffians, uniq_psyche, uniq_maggie,
          uniq_grum

Skill      XL: |  1  2  3  4  5  6  7  8  9 10 |
---------------+-------------------------------+-----
Unarmed Combat | 3 4 5 7 8 9 |  9.2
Fighting       | 3 4 5 |  5.8
Shields        | 3 4 5 |  5.8
Dodging        | 3 4 5 |  5.7
Throwing       | 1 2 3 4 5 |  5.0
Invocations    | 1 3 |  3.0
Armour         | 1 |  1.9

Action                   |  1- 3 |  4- 6 |  7- 9 | 10-12 || total
-------------------------+-------+-------+-------+-------++-------
Melee: Unarmed           |    70 |   137 |   237 |   100 ||   544
Invok: Heroism           |       |       |     3 |     1 ||     4
  Use: Potion            |       |     1 |       |       ||     1
       Scroll            |       |       |       |     1 ||     1
 Stab: Sleeping          |     1 |       |     1 |       ||     2
       Distracted        |       |       |     1 |       ||     1
Armor: Robe              |    20 |    27 |    40 |       ||    87
       Acid dragon scale |       |       |     3 |    27 ||    30
Dodge: Dodged            |    20 |    40 |    62 |    41 ||   163
Block: Kite shield       |    27 |    60 |    89 |    68 ||   244

Table legend: (Time is in decaauts)
 A = Elapsed time spent in this place.
 B = Non-inter-level travel time spent in this place.
 C = Inter-level travel time spent in this place.
 D = Time resting spent in this place.
 E = Time spent auto-exploring this place.
 F = Levels seen in this place.
 G = Mean time per level.
                   A        B        C        D        E       F      G
               +--------+--------+--------+--------+--------+-----+--------+
         Total |   6065 |   5509 |    556 |     51 |   4328 |   8 |  758.1 |
       Dungeon |   6065 |   5509 |    556 |     51 |   4328 |   8 |  758.1 |
               +--------+--------+--------+--------+--------+-----+--------+

Top non-repeatable levels by time:
     D:6: 1145 daAuts
     D:7: 1063 daAuts
     D:2: 914 daAuts
     D:1: 792 daAuts
     D:5: 735 daAuts
     D:4: 693 daAuts
     D:3: 503 daAuts
     D:8: 217 daAuts
